TOP OF THE 1ST |
Kane County Cougars batting - Pitching for Wisconsin Timber Rattlers : LHP Taek-hyun Kim
|
Pitching: LHP Taek-hyun Kim
|
|
Batting: RHB Francisco Gutierrez
|
0-0: Called Strike 0-1: Fly out, F7 (Flyball, 7S, EV 88.8 MPH)
|
Batting: RHB Longfellow Wetzler
|
0-0: Called Strike 0-1: Swinging Strike 0-2: SOLO HOME RUN (Flyball, 7LD, EV 94.4 MPH), Distance : 336 ft
|
Batting: LHB J.P. Olson
|
0-0: Ball 1-0: Ball 2-0: SINGLE (Groundball, 6D, EV 103.1 MPH)
|
Batting: RHB Chad Mendoza
|
0-0: Ball 1-0: Called Strike 1-1: Foul Ball, location: 2F 1-2: SINGLE (Line Drive, 8RS, EV 113.1 MPH) J.P. Olson to second
|
Batting: SHB John Cummings
|
0-0: Ball J.P. Olson steals 3rd, throwing error, E2 J.P. Olson scores Chad Mendoza to third 1-0: Foul Ball, location: 2F 1-1: Ground out 6-3 (Groundball, 6, EV 76.2 MPH) Chad Mendoza scores
|
Batting: RHB Dustin Legault
|
0-0: Called Strike 0-1: Ball 1-1: Ball 2-1: SINGLE (Groundball, 6MD, EV 97.5 MPH)
|
Batting: RHB Ernesto Zamora
|
0-0: Swinging Strike 0-1: Foul Ball, location: 2F 0-2: Foul Ball, location: 2F 0-2: SINGLE (Groundball, 5S, EV 68.1 MPH) (infield hit) Dustin Legault to second
|
Batting: RHB Gary Hills
|
0-0: Ball 1-0: Foul Ball, location: 2F 1-1: Called Strike 1-2: Ball 2-2: SINGLE (Line Drive, 9S, EV 103.8 MPH) Dustin Legault to third Ernesto Zamora to second
|
Batting: LHB Jeff Trapp
|
0-0: Ball 1-0: Called Strike 1-1: Swinging Strike 1-2: Strikes out swinging
|
Top of the 1st over - 3 runs, 6 hits, 1 error, 3 left on base; Kane County 3 - Wisconsin 0 |
BOTTOM OF THE 1ST |
Wisconsin Timber Rattlers batting - Pitching for Kane County Cougars : RHP Reynaldo Edwards
|
Pitching: RHP Reynaldo Edwards
|
|
Batting: SHB Aaron Neill
|
0-0: Foul Ball, location: 2F 0-1: Ball 1-1: Ground out 6-3 (Groundball, 6, EV 82.5 MPH)
|
Batting: RHB Chris Maul
|
0-0: Ball 1-0: Ground out 6-3 (Groundball, 6, EV 91.9 MPH)
|
Batting: LHB Tyler Francis
|
0-0: Called Strike 0-1: Foul Ball, location: 2F 0-2: Foul Ball, location: 2F 0-2: Ball 1-2: Ball 2-2: Strikes out looking
|
Bottom of the 1st over - 0 runs, 0 hits, 0 errors, 0 left on base; Kane County 3 - Wisconsin 0 |
TOP OF THE 2ND |
Kane County Cougars batting - Pitching for Wisconsin Timber Rattlers : LHP Taek-hyun Kim
|
Batting: RHB Francisco Gutierrez
|
0-0: Ball 1-0: Called Strike 1-1: Ball 2-1: Ball 3-1: Swinging Strike 3-2: Foul Ball, location: 2F 3-2: SINGLE (Flyball, 8LS, EV 96.2 MPH)
|
Batting: RHB Longfellow Wetzler
|
0-0: Called Strike 0-1: SINGLE (Flyball, 34D, EV 93.8 MPH) Francisco Gutierrez to second
|
Batting: LHB J.P. Olson
|
0-0: Ball 1-0: Called Strike 1-1: Foul Ball, location: 2F 1-2: Reached on error, E4 (Groundball, 34D, EV 83.1 MPH) Francisco Gutierrez to third Longfellow Wetzler to second
|
Batting: RHB Chad Mendoza
|
0-0: Called Strike 0-1: Called Strike 0-2: Strikes out swinging
|
Batting: SHB John Cummings
|
0-0: Foul Ball, location: 2F 0-1: Swinging Strike 0-2: Grounds into fielders choice 1-2 (Groundball, 15S, EV 70.0 MPH) Longfellow Wetzler to third J.P. Olson to second
|
Batting: RHB Dustin Legault
|
0-0: Called Strike 0-1: Ball 1-1: Ball 2-1: Ball 3-1: Called Strike 3-2: Fly out, F8 (Flyball, 8RD, EV 101.2 MPH)
|
Top of the 2nd over - 0 runs, 2 hits, 1 error, 3 left on base; Kane County 3 - Wisconsin 0 |
BOTTOM OF THE 2ND |
Wisconsin Timber Rattlers batting - Pitching for Kane County Cougars : RHP Reynaldo Edwards
|
Batting: RHB Alfredo Sena
|
0-0: Ball 1-0: Called Strike 1-1: Ball 2-1: Ground out 1-3 (Groundball, 34S, EV 68.8 MPH)
|
Batting: RHB Jonathan Sarles
|
0-0: Called Strike 0-1: Ball 1-1: Ball 2-1: Foul Ball, location: 2F 2-2: Ground out 6-3 (Groundball, 6, EV 101.9 MPH)
|
Batting: RHB Jose Cerritos
|
0-0: Ball 1-0: Called Strike 1-1: Called Strike 1-2: Fly out, F9 (Flyball, 9LS, EV 88.8 MPH)
|
Bottom of the 2nd over - 0 runs, 0 hits, 0 errors, 0 left on base; Kane County 3 - Wisconsin 0 |
TOP OF THE 3RD |
Kane County Cougars batting - Pitching for Wisconsin Timber Rattlers : LHP Taek-hyun Kim
|
Batting: RHB Ernesto Zamora
|
0-0: Ball 1-0: Ground out 5-3 (Groundball, 56S, EV 93.8 MPH)
|
Batting: RHB Gary Hills
|
0-0: Called Strike 0-1: Called Strike 0-2: Foul Ball, location: 2F 0-2: Strikes out swinging
|
Batting: LHB Jeff Trapp
|
0-0: Swinging Strike 0-1: Foul Ball, location: 2F 0-2: Ball 1-2: Strikes out looking
|
Top of the 3rd over - 0 runs, 0 hits, 0 errors, 0 left on base; Kane County 3 - Wisconsin 0 |
BOTTOM OF THE 3RD |
Wisconsin Timber Rattlers batting - Pitching for Kane County Cougars : RHP Reynaldo Edwards
|
Batting: SHB Craig Wright
|
0-0: Swinging Strike 0-1: Ball 1-1: Foul Ball, location: 2F 1-2: Foul Ball, location: 2F 1-2: Foul Ball, location: 2F 1-2: Strikes out swinging
|
Batting: SHB Robert Sayer
|
0-0: Called Strike 0-1: Ground out 4-3 (Groundball, 4, EV 109.4 MPH)
|
Batting: RHB Michael Dickerson
|
0-0: Ground out 4-3 (Groundball, 4S, EV 81.9 MPH)
|
Bottom of the 3rd over - 0 runs, 0 hits, 0 errors, 0 left on base; Kane County 3 - Wisconsin 0 |
TOP OF THE 4TH |
Kane County Cougars batting - Pitching for Wisconsin Timber Rattlers : LHP Taek-hyun Kim
|
Batting: RHB Francisco Gutierrez
|
0-0: Called Strike 0-1: Foul Ball, location: 2F 0-2: Ball 1-2: Strikes out swinging
|
Batting: RHB Longfellow Wetzler
|
0-0: Ball 1-0: Ball 2-0: Called Strike 2-1: Ground out 6-3 (Groundball, 6, EV 83.1 MPH)
|
Batting: LHB J.P. Olson
|
0-0: Ball 1-0: Swinging Strike 1-1: Foul Ball, location: 2F 1-2: Fly out, F9 (Flyball, 9LS, EV 93.1 MPH)
|
Top of the 4th over - 0 runs, 0 hits, 0 errors, 0 left on base; Kane County 3 - Wisconsin 0 |
BOTTOM OF THE 4TH |
Wisconsin Timber Rattlers batting - Pitching for Kane County Cougars : RHP Reynaldo Edwards
|
Batting: SHB Aaron Neill
|
0-0: Ball 1-0: Ball 2-0: Called Strike 2-1: Foul Ball, location: 2F 2-2: Strikes out swinging
|
Batting: RHB Chris Maul
|
0-0: Called Strike 0-1: Ball 1-1: Called Strike 1-2: Foul Ball, location: 2F 1-2: Ground out 5-3 (Groundball, 56S, EV 89.4 MPH)
|
Batting: LHB Tyler Francis
|
0-0: Ball 1-0: Ball 2-0: Ball 3-0: Called Strike 3-1: Foul Ball, location: 2F 3-2: Ground out 4-3 (Groundball, 34, EV 110.0 MPH)
|
Bottom of the 4th over - 0 runs, 0 hits, 0 errors, 0 left on base; Kane County 3 - Wisconsin 0 |
TOP OF THE 5TH |
Kane County Cougars batting - Pitching for Wisconsin Timber Rattlers : LHP Taek-hyun Kim
|
Batting: RHB Chad Mendoza
|
0-0: Ball 1-0: Ground out 4-3 (Groundball, 4, EV 87.5 MPH)
|
Batting: SHB John Cummings
|
0-0: Ball 1-0: Called Strike 1-1: Swinging Strike 1-2: Strikes out swinging
|
Batting: RHB Dustin Legault
|
0-0: Ground out 6-3 (Groundball, 56, EV 95.6 MPH)
|
Top of the 5th over - 0 runs, 0 hits, 0 errors, 0 left on base; Kane County 3 - Wisconsin 0 |
BOTTOM OF THE 5TH |
Wisconsin Timber Rattlers batting - Pitching for Kane County Cougars : RHP Reynaldo Edwards
|
Batting: RHB Alfredo Sena
|
0-0: Ball 1-0: Called Strike 1-1: Called Strike 1-2: SINGLE (Groundball, 56D, EV 105.0 MPH)
|
Batting: RHB Jonathan Sarles
|
0-0: Ball Alfredo Sena is caught stealing 2nd base 2-4 1-0: Fly out, F1 (Line Drive, P, EV 65.6 MPH)
|
Batting: RHB Jose Cerritos
|
0-0: Fly out, F8 (Flyball, 8LM, EV 83.1 MPH)
|
Bottom of the 5th over - 0 runs, 1 hit, 0 errors, 0 left on base; Kane County 3 - Wisconsin 0 |
TOP OF THE 6TH |
Kane County Cougars batting - Pitching for Wisconsin Timber Rattlers : LHP Taek-hyun Kim
|
Batting: RHB Ernesto Zamora
|
0-0: Ball 1-0: Ground out 6-3 (Groundball, 6, EV 90.0 MPH)
|
Batting: RHB Gary Hills
|
0-0: Foul Ball, location: 2F 0-1: Ball 1-1: Swinging Strike 1-2: Foul Ball, location: 2F 1-2: Ball 2-2: Fly out, F8 (Flyball, 8RM, EV 97.5 MPH)
|
Batting: LHB Jeff Trapp
|
0-0: Ball 1-0: Ball 2-0: SINGLE (Groundball, 6MD, EV 98.8 MPH)
|
Batting: RHB Francisco Gutierrez
|
0-0: Ball Jeff Trapp steals 2nd base 1-0: Foul Ball, location: 2F 1-1: Ground out 5-3 (Groundball, 56S, EV 86.2 MPH)
|
Top of the 6th over - 0 runs, 1 hit, 0 errors, 1 left on base; Kane County 3 - Wisconsin 0 |
BOTTOM OF THE 6TH |
Wisconsin Timber Rattlers batting - Pitching for Kane County Cougars : RHP Reynaldo Edwards
|
Batting: SHB Craig Wright
|
0-0: Fly out, F6 (Line Drive, 6M, EV 70.0 MPH)
|
Batting: SHB Robert Sayer
|
0-0: Called Strike 0-1: Foul Ball, location: 2F 0-2: SINGLE (Line Drive, 4M, EV 97.5 MPH)
|
Batting: RHB Michael Dickerson
|
0-0: Called Strike 0-1: SINGLE (Groundball, 4D, EV 100.6 MPH) Robert Sayer to second Robert Sayer to third
|
Batting: SHB Aaron Neill
|
0-0: Ball 1-0: Ball 2-0: Ball 3-0: Called Strike 3-1: SINGLE (Groundball, 56D, EV 109.4 MPH) Robert Sayer scores Michael Dickerson to second
|
Batting: RHB Chris Maul
|
0-0: Called Strike 0-1: Ball 1-1: Ball 2-1: Foul Ball, location: 2F 2-2: Ground out 5-3 (Groundball, 5S, EV 64.4 MPH) Michael Dickerson to third Aaron Neill to second
|
Batting: LHB Tyler Francis
|
0-0: Called Strike 0-1: Ground out 4-3 (Groundball, 4, EV 84.4 MPH)
|
Bottom of the 6th over - 1 run, 3 hits, 0 errors, 2 left on base; Kane County 3 - Wisconsin 1 |
TOP OF THE 7TH |
Kane County Cougars batting - Pitching for Wisconsin Timber Rattlers : LHP Taek-hyun Kim
|
Batting: RHB Longfellow Wetzler
|
0-0: Called Strike 0-1: Foul Ball, location: 2F 0-2: Ball 1-2: Ground out 5-3 (Groundball, 56S, EV 91.9 MPH)
|
Pitching: RHP Jon Warren
|
|
Batting: LHB J.P. Olson
|
0-0: Ball 1-0: Ball 2-0: Ball 3-0: Foul Ball, location: 2F 3-1: Called Strike 3-2: Foul Ball, location: 2F 3-2: Base on Balls
|
Batting: RHB Chad Mendoza
|
0-0: Called Strike J.P. Olson is caught stealing 2nd base 2-4 0-1: Ball 1-1: Ball 2-1: Foul Ball, location: 2F 2-2: Foul Ball, location: 2F 2-2: Foul Ball, location: 2F 2-2: Foul Ball, location: 2F 2-2: Ball 3-2: Strikes out swinging
|
Top of the 7th over - 0 runs, 0 hits, 0 errors, 0 left on base; Kane County 3 - Wisconsin 1 |
BOTTOM OF THE 7TH |
Wisconsin Timber Rattlers batting - Pitching for Kane County Cougars : RHP Reynaldo Edwards
|
Batting: RHB Alfredo Sena
|
0-0: Ball 1-0: Ball 2-0: Called Strike 2-1: Ball 3-1: Base on Balls
|
Batting: RHB Jonathan Sarles
|
0-0: Ball Alfredo Sena steals 2nd base 1-0: Ball 2-0: SINGLE (Line Drive, 3D, EV 100.0 MPH) Alfredo Sena to third Runner from 3rd tries for Home, SAFE, throw by RF to home
|
Batting: LHB Rick Campbell
|
0-0: Ball 1-0: Ball 2-0: Sac Bunt to 2R - play at first, batter OUT! 2-3 Jonathan Sarles to second
|
Batting: SHB Craig Wright
|
0-0: SINGLE (Groundball, 34D, EV 108.1 MPH) Jonathan Sarles to third
|
Batting: SHB Robert Sayer
|
Pickoff Throw to First - Out! 1-3 0-0: Called Strike 0-1: Ball 1-1: Ball 2-1: Ground out U3 (Groundball, 3, EV 82.5 MPH)
|
Bottom of the 7th over - 1 run, 2 hits, 0 errors, 1 left on base; Kane County 3 - Wisconsin 2 |
TOP OF THE 8TH |
Kane County Cougars batting - Pitching for Wisconsin Timber Rattlers : RHP Jon Warren
|
Batting: SHB John Cummings
|
0-0: Called Strike 0-1: Ball 1-1: Ball 2-1: Ball 3-1: Swinging Strike 3-2: Foul Ball, location: 2F 3-2: Strikes out looking
|
Batting: RHB Dustin Legault
|
0-0: Ball 1-0: Called Strike 1-1: Foul Ball, location: 2F 1-2: Strikes out swinging
|
Batting: RHB Ernesto Zamora
|
0-0: Ball 1-0: Ground out 5-3 (Groundball, 56, EV 79.4 MPH)
|
Top of the 8th over - 0 runs, 0 hits, 0 errors, 0 left on base; Kane County 3 - Wisconsin 2 |
BOTTOM OF THE 8TH |
Wisconsin Timber Rattlers batting - Pitching for Kane County Cougars : RHP Reynaldo Edwards
|
Batting: RHB Michael Dickerson
|
0-0: Ball 1-0: Foul Ball, location: 2F 1-1: Ground out 4-3 (Groundball, 4, EV 101.2 MPH)
|
Batting: SHB Aaron Neill
|
0-0: Ball 1-0: Swinging Strike 1-1: Ball 2-1: DOUBLE (Groundball, 5L, EV 98.8 MPH)
|
Batting: RHB Chris Maul
|
0-0: Ball Wild Pitch! Aaron Neill to third 1-0: Ground out 6-3 (Groundball, 6, EV 111.2 MPH)
|
Batting: LHB Tyler Francis
|
0-0: Swinging Strike 0-1: Ball 1-1: Ball 2-1: Foul Ball, location: 2F 2-2: Ball 3-2: SINGLE (Groundball, 4S, EV 71.2 MPH) (infield hit) Aaron Neill scores
|
Batting: RHB Alfredo Sena
|
0-0: Ball 1-0: Foul Ball, location: 2F 1-1: Foul Ball, location: 2F 1-2: Strikes out looking
|
Bottom of the 8th over - 1 run, 2 hits, 0 errors, 1 left on base; Kane County 3 - Wisconsin 3 |
TOP OF THE 9TH |
Kane County Cougars batting - Pitching for Wisconsin Timber Rattlers : RHP Jon Warren
|
Pitching: RHP Drew Tollefsen
|
|
Batting: RHB Gary Hills
|
0-0: Ball 1-0: Foul Ball, location: 2F 1-1: Fly out, F8 (Flyball, 78S, EV 93.8 MPH)
|
Batting: LHB Jeff Trapp
|
0-0: Ball 1-0: Foul Ball, location: 2F 1-1: Ball 2-1: Ground out 5-3 (Groundball, 56S, EV 88.8 MPH)
|
Batting: RHB Francisco Gutierrez
|
0-0: Foul Ball, location: 2F 0-1: Ball 1-1: Swinging Strike 1-2: Ball 2-2: Strikes out swinging
|
Top of the 9th over - 0 runs, 0 hits, 0 errors, 0 left on base; Kane County 3 - Wisconsin 3 |
BOTTOM OF THE 9TH |
Wisconsin Timber Rattlers batting - Pitching for Kane County Cougars : RHP Reynaldo Edwards
|
Pitching: RHP Sam Lewis
|
|
Batting: RHB Jonathan Sarles
|
0-0: Called Strike 0-1: Foul Ball, location: 2F 0-2: Ground out U3 (Groundball, 34, EV 87.5 MPH)
|
Batting: LHB Rick Campbell
|
0-0: Called Strike 0-1: SINGLE (Groundball, 56D, EV 104.4 MPH)
|
Batting: SHB Craig Wright
|
0-0: Ball 1-0: Ball Rick Campbell steals 2nd, throwing error, E2 Rick Campbell to third 2-0: Called Strike 2-1: Swinging Strike 2-2: Ball 3-2: Base on Balls
|
Batting: SHB Robert Sayer
|
0-0: Ball 1-0: SINGLE (Groundball, 6MD, EV 96.9 MPH) (infield hit) Rick Campbell scores
|
Bottom of the 9th over - 1 run, 2 hits, 1 error, 1 left on base; Kane County 3 - Wisconsin 4 |
|